Map: Nightshade LE

Players

Serral - Winner!

  • Race: Zerg Zerg
  • Spawn Location: 11:00

Neeblet (Neeb)

  • Race: Protoss Protoss
  • Spawn Location: 5:00

Event: NationWars 2019

VOD

Have the link to the VOD?

Description

Time

  • Played on: Nov. 30, 2019, 3:47 p.m.
  • Length: 7:23

All games in this series

Show
View Real Time Build Order
Export as new Build Order

Serral Zerg - Winner!

Build Orders: Hatch First 

Get SALT Encoding   

  12  0:00  Drone  
  13  0:12  Overlord  
  13  0:17  Drone  
  14  0:31  Drone x2  
  16  0:47  Hatchery  
  15  0:51  Drone  
  15  0:54  Drone  
  17  0:58  Drone  
  18  1:09  Extractor  
  17  1:13  Spawning Pool  
  17  1:16  Drone  
  17  1:20  Drone  
  18  1:28  Drone  
  19  1:39  Drone  
  20  1:51  Overlord  
  20  2:00  Queen x2  
  25  2:01  Zergling x4  
  26  2:12  Drone x2  
  26  2:15  Metabolic Boost  
  28  2:22  Drone x2  
  30  2:37  Hatchery  
  30  2:38  Drone  
  30  2:44  Queen  
  30  2:49  Overlord  
  32  2:52  Drone  
  32  2:54  Drone  
  32  2:56  Drone  
  35  2:59  Drone  
  35  3:10  Drone x2  
  35  3:11  Drone x3  
  40  3:15  Overlord  
  40  3:19  Drone  
  41  3:22  Queen  
  43  3:34  Lair  
  43  3:35  Zergling x4  
  43  3:37  Drone  
  46  3:41  Roach Warren  
  46  3:42  Drone  
  46  3:43  Drone, Extractor  
  46  3:46  Drone  
  46  3:47  Drone  
  48  3:49  Drone  
  48  3:50  Drone  
  48  3:54  Drone  
  48  3:55  Extractor  
  50  3:56  Drone  
  50  3:58  Drone  
  50  4:01  Drone x2  
  54  4:05  Zergling x4  
  56  4:10  Overlord  
  56  4:13  Overlord  
  56  4:16  Overlord  
  56  4:22  Roach  
  58  4:30  Roach x4  
  66  4:33  Overseer  
  66  4:36  Roach  
  66  4:37  Roach  
  70  4:41  Roach  
  70  5:00  Drone x2  
  70  5:01  Drone x2  
  70  5:04  Glial Reconstitution  
  70  5:05  Overlord x4  
  74  5:09  Extractor x2  
  74  5:10  Spire, Queen  
  74  5:13  Overlord  
  73  5:14  Drone  
  74  5:22  Overlord  
  74  5:24  Drone x4  
  74  5:26  Drone  
  74  5:27  Drone  
  80  5:29  Overseer  
  80  5:30  Drone  
  80  5:34  Drone x2  
  83  5:39  Drone x3  
  86  5:46  Roach  
  88  5:51  Overlord  
  88  5:52  Drone x4  
  88  5:56  Overlord  
  90  6:05  Overlord  
  90  6:07  Overlord  
  90  6:08  Roach x3  
  96  6:14  Roach x3  
  102  6:19  Roach x3  
  102  6:21  Roach  
  110  6:28  Roach  
  110  6:29  Roach x3  
  118  6:33  Ravager x4  
  118  6:34  Ravager x3  
  118  6:39  Roach x3  
  130  6:44  Roach x3  
  130  6:45  Ravager  
  137  6:49  Roach x2  
  139  6:55  Roach  
  139  6:56  Roach x3  
  133  7:03  Roach x4  
Show
View Real Time Build Order
Export as new Build Order

Neeblet Protoss 

Build Orders: 1 Gate Expand, Zealot Archon, Archon Drop, Dark Templar Rush 

Get SALT Encoding   

  12  0:00  Probe  
  13  0:12  Probe  
  14  0:18  Pylon  
  14  0:25  Probe  
  15  0:37  Probe (Chrono Boost)  
  15  0:42  Gateway  
  16  0:47  Probe (Chrono Boost), Assimilator  
  17  0:52  Probe (Chrono Boost)  
  18  1:03  Probe  
  19  1:15  Probe  
  20  1:23  Nexus  
  20  1:33  Cybernetics Core  
  20  1:35  Probe  
  21  1:42  Assimilator  
  21  1:48  Probe  
  21  1:51  Pylon  
  22  2:00  Probe (Chrono Boost)  
  23  2:07  Adept (Chrono Boost)  
  23  2:09  Probe (Chrono Boost)  
  23  2:15  Probe  
  26  2:17  Twilight Council  
  27  2:29  Stalker, Probe (Chrono Boost)  
  30  2:30  Warp Gate  
  30  2:38  Probe (Chrono Boost)  
  32  2:44  Probe (Chrono Boost)  
  32  2:45  Probe (Chrono Boost)  
  33  2:51  Probe  
  33  2:52  Probe  
  33  2:53  Robotics Facility  
  35  3:03  Probe  
  35  3:04  Probe  
  37  3:15  Dark Shrine  
  37  3:16  Probe x2  
  39  3:22  Adept  
  39  3:23  Gateway  
  41  3:28  Probe  
  41  3:32  Gateway  
  41  3:34  Gateway  
  42  3:39  Warp Prism (Chrono Boost)  
  42  3:47  Pylon  
  44  3:49  Probe  
  44  3:50  Probe  
  44  3:53  Assimilator  
  46  3:57  Assimilator  
  46  4:02  Pylon  
  46  4:05  Probe (Chrono Boost)  
  48  4:10  Probe (Chrono Boost)  
  48  4:12  Pylon  
  48  4:16  Probe (Chrono Boost)  
  50  4:19  Probe (Chrono Boost)  
  50  4:22  Probe  
  52  4:29  Probe  
  53  4:35  Dark Templar  
  53  4:36  Dark Templar x2  
  53  4:37  Dark Templar  
  61  4:45  Observer  
  61  4:52  Nexus  
  61  4:58  Charge (Chrono Boost)  
  61  5:05  Pylon  
  61  5:07  Pylon, Probe  
  62  5:17  Immortal (Chrono Boost)  
  62  5:20  Gateway  
  66  5:21  Archon  
  66  5:24  Gateway, Archon  
  66  5:35  Sentry  
  66  5:36  Sentry x2  
  66  5:42  Gateway x2  
  72  5:46  Immortal (Chrono Boost)  
  72  5:47  Pylon  
  76  6:09  Zealot x4  
  84  6:17  Dark Templar  
  86  6:18  Dark Templar  
  86  6:24  Archon  
  88  6:32  Zealot x2  
  91  6:37  Zealot, Dark Templar x2  
  91  6:38  Zealot  
  97  6:41  Archon  
  95  6:49  Zealot x2  
  81  7:01  Zealot  
  81  7:02  Zealot x3  
  81  7:05  Zealot x2  
Tags
 
Add a new tag
Caveats
  • Supply blocks, unpowered buildings, or Contaminate may cause inaccurate times.
  • Supply counts are checked every 10 seconds.